 Dungeon Crawl Stone Soup version 0.21-a0-241-g2cbab09 (webtiles) character file.

153 flashp the Cudgeler (level 5, -2/41 HPs)
             Began as a Mummy Wanderer on Sept 3, 2017.
             Killed themself with a badly aimed iceblast (7 damage)
             ... on level 3 of the Dungeon.
             The game lasted 00:05:54 (2221 turns).

flashp the Cudgeler (Mummy Wanderer)                Turns: 2221, Time: 00:05:55

Health: -2/41      AC:  5    Str: 17    XL:     5   Next: 12%
Magic:  14/14      EV: 10    Int: 10    God:
Gold:   52         SH:  0    Dex: 12    Spells: 4/4 levels left

rFire    x . .     SeeInvis .   a - +2 mace
rCold    + . .     Gourm    .   (no shield)
rNeg     + + +     Faith    .   b - +0 ring mail
rPois    ∞         Spirit   .   (no helmet)
rElec    .         Reflect  .   (no cloak)
rCorr    .         Harm     .   (no gloves)
MR       .....                  (no boots)
Stlth    +.........             (no amulet)
HPRegen  0.13/turn              h - ring of magical power
MPRegen  0.14/turn              (no ring)

@: no status effects
A: no food or potions, fire vulnerability, cold resistance 1, negative energy
resistance 3, torment resistance, unbreathing
a: no special abilities


You were on level 3 of the Dungeon.
You were not hungry.

You visited 1 branch of the dungeon, and saw 3 of its levels.

You collected 52 gold pieces.

Inventory:

Hand Weapons
 a - a +2 mace (weapon)
Missiles
 e - 83 stones (quivered)
Armour
 b - a +0 ring mail (worn)
Jewellery
 h - a ring of magical power (left hand)
Wands
 c - a wand of iceblast (4/15)
Scrolls
 d - 2 scrolls of immolation
 g - a scroll of enchant weapon {unknown}


   Skills:
 - Level 3.0 Fighting
 * Level 4.4 Maces & Flails
   Level 1.0 Bows
 - Level 1.0 Throwing
 - Level 1.5 Armour
   Level 1.0 Shields


You had 4 spell levels left.
You didn't know any spells.

Dungeon Overview and Level Annotations

Branches:
Dungeon (3/15)

Altars:
Elyvilon

Annotations:
D:2 Terence


Innate Abilities, Weirdness & Mutations

You do not eat or drink.
Your flesh is vulnerable to fire.
You are immune to poison.
Your flesh is cold resistant. (rC+)
You are immune to negative energy. (rN+++)
You are immune to unholy pain and torment.
You can survive without breathing.


Message History

Okay, then.
Unknown command.
Unknown command.
Unknown command.
Okay, then.
You can't drink.
Unknown command.
Evoke which item? (* to show all) (? for menu, Esc to quit)
Aiming: Iceblast
Press: ? - help, Shift-Dir - straight line, f/p - black bear
Aim: a black bear (almost dead, berserk, fast, unusually strong) That beam is likely to hit you.
Continue anyway?
The mass of ice explodes!
The iceblast engulfs the black bear.
You kill the black bear!
Your Maces & Flails skill increases to level 4!
You have reached level 4!
You have reached level 5!
You feel stronger. The iceblast engulfs you! You partially resist.
You die...

.. ...##. ...... ......
......#### #.......(##
###.......############
..............@.......
#######....############
+...<...........
#......#....###.
.#......#.......
........#........
.......<#..#.....
........#........
.....#........###


There were no monsters in sight!

Vanquished Creatures
  A black bear (D:3)
  3 adders (D:2)
  An ooze (D:1)
  A dart slug (D:2)
  A leopard gecko (D:1)
  5 bats
  2 giant cockroaches
  2 goblins (D:2)
  5 hobgoblins
  A ball python (D:2)
  2 frilled lizards
  3 kobolds
  10 rats
37 creatures vanquished.

Notes
Turn   | Place    | Note
-------+----------+-------------------------------------------
     0 | D:1      | flashp the Mummy Wanderer began the quest for the Orb.
     0 | D:1      | flashp set off with: a +2 mace, a +0 ring mail, a scroll of teleportation
     0 | D:1      | Reached XP level 1. HP: 18/18 MP: 1/1
   264 | D:1      | Reached skill level 2 in Maces & Flails
   470 | D:1      | Reached XP level 2. HP: 24/24 MP: 2/2
  1130 | D:2      | Noticed Terence
  1235 | D:2      | Reached skill level 3 in Maces & Flails
  1235 | D:2      | Reached XP level 3. HP: 17/29 MP: 3/3
  1560 | D:2      | Found a white marble altar of Elyvilon.
  1714 | D:3      | Noticed a black bear
  2221 | D:3      | Killed a black bear
  2221 | D:3      | Reached skill level 4 in Maces & Flails
  2221 | D:3      | Reached XP level 4. HP: 4/35 MP: 4/4
  2221 | D:3      | Reached XP level 5. HP: 5/41 MP: 5/5
  2221 | D:3      | Killed themself with a badly aimed iceblast

Vault maps used:
D:1:      lightli_arrival_maybe_door_vault
D:2:      lemuel_crystal_altar, lemuel_coloured_pillars_altar, uniq_terence
D:3:      minmay_goblin_kobold_castle, chequers_ecumenical_altar_simple_redux,
          uniq_sigmund

Skill      XL: |  1  2  3 |
---------------+----------+-----
Maces & Flails | 2 3 4 |  4.4
Fighting       | |  3.0
Bows           | |  1.0
Throwing       | |  1.0
Armour         | |  1.5
Shields        | |  1.0

Action                   |  1- 3 |  4- 6 || total
-------------------------+-------+-------++-------
Melee: Mace              |   116 |       ||   116
Throw: Stone             |    23 |       ||    23
Evoke: Wand              |     1 |       ||     1
  Use: Scroll            |     3 |       ||     3
Armor: Ring mail         |    55 |       ||    55
Dodge: Dodged            |    79 |       ||    79

Table legend:
 A = Spawn XP
 B = Non-spawn XP
 C = Spawn XP percentage of total XP
 D = Spawn monster count
 E = Non-spawn monster count
 F = Spawn count percentage of total count
 G = Total turns spent on level
                    A         B        C        D         E        F      G
               +---------+---------+-------+---------+---------+-------+---------
         Total |      23 |     196 |  10.5 |       7 |      30 |  18.9 |  2221
               +---------+---------+-------+---------+---------+-------+---------
           D:1 |      10 |      27 |  27.0 |       6 |      16 |  27.3 |  1332
           D:2 |      13 |      45 |  22.4 |       1 |      13 |   7.1 |   860
           D:3 |       0 |     124 |   0.0 |       0 |       1 |   0.0 |    29
               +---------+---------+-------+---------+---------+-------+---------
